[ AOE2 MATCH · #505434081 ]
UnrankedBurmese vs Mongols
Player's team · LOSS
Rival team · WIN
[ REPLAY ANALYSIS · EXTRACTED FROM THE RECORDED GAME ]
Feudal
13:37
Castle
17:32
Imperial
—
| APM avg | 70.4 |
| APM peak | 125 |
| eAPM avg | 22.1 |
| Villagers / military | 66 / 34 |
Focus
⚔️ 20.7% · 🌾 79.3%
Arambai ×30 · Battering Ram ×4
Feudal
11:31
Castle
15:26
Imperial
—
| APM avg | 49.4 |
| APM peak | 77 |
| eAPM avg | 22.0 |
| Villagers / military | 155 / 27 |
Focus
⚔️ 34.3% · 🌾 65.7%
Mangudai ×26 · Monk ×1
Match map
Initial resources + every placement click. Lines = walls · curves = elevation contours. ◆ gold · ⬟ stone · ● berries · ✦ relic · ◌ wall gap
Your base· Open — unwalled flank
Don Magon's base· Open — unwalled flank
Smoothed initial terrain · ◌ = detected wall gap · hover for details
Inputs per minute
— Rito - - Don Magon
Build order — Rito
First 150 of 163 actions detected
| 0:01 | Create | Villager (Male) |
| 0:02 | Create | Villager (Male) |
| 0:02 | Create | Villager (Male) |
| 0:03 | Build | House |
| 0:05 | Build | House |
| 0:08 | Create | Villager (Male) |
| 1:26 | Create | Villager (Male) |
| 2:02 | Build | Lumber Camp |
| 2:02 | Create | Villager (Male) |
| 2:18 | Create | Villager (Male) |
| 3:03 | Create | Villager (Male) |
| 3:03 | Create | Villager (Male) |
| 3:09 | Create | Villager (Male) |
| 3:10 | Create | Villager (Male) |
| 3:39 | Build | House |
| 3:39 | Build | House |
| 3:41 | Build | House |
| 3:45 | Create | Villager (Male) |
| 3:45 | Create | Villager (Male) |
| 4:40 | Create | Villager (Male) |
| 4:41 | Create | Villager (Male) |
| 4:41 | Create | Villager (Male) |
| 5:00 | Build | Mill |
| 6:22 | Create | Villager (Male) |
| 6:22 | Research | Loom |
| 7:02 | Create | Villager (Male) |
| 7:24 | Create | Villager (Male) |
| 8:04 | Create | Villager (Male) |
| 8:04 | Create | Villager (Male) |
| 8:05 | Create | Villager (Male) |
| 8:27 | Create | Villager (Male) |
| 8:39 | Build | Mill |
| 8:41 | Build | Mill |
| 8:48 | Create | Villager (Male) |
| 9:00 | Build | Mill |
| 9:17 | Build | Mill |
| 9:19 | Create | Villager (Male) |
| 9:20 | Create | Villager (Male) |
| 9:36 | Build | House |
| 9:38 | Build | Palisade Wall |
| 9:40 | Build | Palisade Wall |
| 9:52 | Build | Palisade Wall |
| 9:58 | Create | Villager (Male) |
| 10:15 | Build | Mining Camp |
| 10:57 | Create | Villager (Male) |
| 11:27 | Research | Feudal Age |
| 11:28 | Research | Feudal Age |
| 11:54 | Create | Villager (Male) |
| 12:13 | Build | Palisade Wall |
| 12:58 | Create | Villager (Male) |
| 13:34 | Create | Villager (Male) |
| 13:37 | Age | Feudal Age |
| 13:42 | Build | Market |
| 13:46 | Build | Blacksmith |
| 13:51 | Build | Mining Camp |
| 14:47 | Research | Castle Age |
| 14:51 | Build | House |
| 15:03 | Research | Stone Mining |
| 15:35 | Build | House |
| 15:39 | Create | Villager (Male) |
| 17:05 | Research | Gold Mining |
| 17:32 | Age | Castle Age |
| 17:42 | Build | Castle |
| 17:45 | Create | Villager (Male) |
| 17:47 | Research | Padded Archer Armor |
| 17:55 | Research | Horse Collar |
| 18:06 | Create | Villager (Male) |
| 18:27 | Build | Farm |
| 18:34 | Create | Villager (Male) |
| 18:46 | Build | Town Center |
| 18:57 | Create | Arambai |
| 18:58 | Create | Arambai |
| 18:58 | Create | Villager (Male) |
| 19:08 | Create | Villager (Male) |
| 19:19 | Create | Arambai |
| 19:20 | Create | Arambai |
| 19:33 | Create | Arambai |
| 19:37 | Create | Villager (Male) |
| 19:54 | Create | Arambai |
| 19:57 | Build | Farm |
| 20:14 | Create | Arambai |
| 20:14 | Create | Arambai |
| 20:16 | Create | Villager (Male) |
| 20:25 | Create | Arambai |
| 20:28 | Create | Villager (Male) |
| 20:41 | Create | Arambai |
| 20:47 | Build | Farm |
| 20:56 | Build | Farm |
| 21:04 | Create | Villager (Male) |
| 21:16 | Create | Arambai |
| 21:44 | Build | Farm |
| 21:45 | Create | Villager (Male) |
| 21:48 | Create | Arambai |
| 22:00 | Create | Arambai |
| 22:08 | Create | Villager (Male) |
| 22:09 | Create | Arambai |
| 22:18 | Build | Siege Workshop |
| 22:22 | Create | Arambai |
| 22:39 | Build | Siege Workshop |
| 22:45 | Create | Arambai |
| 22:50 | Create | Villager (Male) |
| 22:53 | Build | Barracks |
| 23:21 | Create | Arambai |
| 23:24 | Create | Villager (Male) |
| 23:34 | Create | Battering Ram |
| 23:34 | Create | Battering Ram |
| 23:42 | Create | Villager (Male) |
| 23:42 | Create | Villager (Male) |
| 23:43 | Create | Arambai |
| 23:56 | Create | Villager (Male) |
| 23:59 | Create | Arambai |
| 24:10 | Create | Arambai |
| 24:11 | Create | Villager (Male) |
| 24:35 | Create | Arambai |
| 24:51 | Create | Villager (Male) |
| 25:01 | Build | University |
| 25:02 | Create | Villager (Male) |
| 25:25 | Create | Arambai |
| 25:25 | Create | Arambai |
| 25:43 | Build | House |
| 25:43 | Build | House |
| 25:43 | Build | House |
| 25:44 | Build | House |
| 26:17 | Create | Battering Ram |
| 26:25 | Create | Villager (Male) |
| 26:33 | Create | Villager (Male) |
| 26:36 | Build | Farm |
| 26:36 | Create | Villager (Male) |
| 26:53 | Build | Lumber Camp |
| 26:54 | Build | Lumber Camp |
| 26:55 | Create | Villager (Male) |
| 26:57 | Build | House |
| 26:58 | Build | House |
| 27:17 | Create | Villager (Male) |
| 27:25 | Research | Ballistics |
| 27:31 | Create | Villager (Male) |
| 27:37 | Create | Arambai |
| 27:49 | Create | Villager (Male) |
| 27:51 | Build | Farm |
| 27:51 | Build | Farm |
| 27:52 | Build | Farm |
| 27:52 | Build | Farm |
| 27:52 | Build | Farm |
| 27:52 | Build | Farm |
| 28:24 | Build | House |
| 28:27 | Create | Arambai |
| 28:27 | Create | Arambai |
| 28:27 | Create | Villager (Male) |
| 28:53 | Build | Castle |
| 29:02 | Create | Arambai |
Build order — Don Magon
First 150 of 239 actions detected
| 0:01 | Create | Villager (Male) ×4 |
| 0:01 | Create | Villager (Male) ×4 |
| 0:03 | Build | House |
| 0:04 | Build | House |
| 1:24 | Create | Villager (Male) |
| 1:24 | Create | Villager (Male) |
| 1:48 | Create | Villager (Male) |
| 1:48 | Create | Villager (Male) |
| 1:50 | Build | Lumber Camp |
| 2:03 | Create | Villager (Male) |
| 2:03 | Create | Villager (Male) |
| 2:38 | Create | Villager (Male) |
| 2:38 | Create | Villager (Male) |
| 3:07 | Create | Villager (Male) |
| 3:47 | Research | Loom |
| 4:01 | Create | Villager (Male) |
| 4:02 | Create | Villager (Male) |
| 4:09 | Build | House |
| 4:20 | Create | Villager (Male) |
| 4:20 | Create | Villager (Male) |
| 4:44 | Build | Mill |
| 4:59 | Create | Villager (Male) |
| 4:59 | Create | Villager (Male) |
| 5:22 | Create | Villager (Male) |
| 5:53 | Create | Villager (Male) |
| 6:21 | Create | Villager (Male) |
| 6:35 | Build | House |
| 6:47 | Create | Villager (Male) |
| 7:16 | Create | Villager (Male) |
| 7:20 | Build | Mill |
| 7:39 | Create | Villager (Male) |
| 7:44 | Build | Mill |
| 7:48 | Create | Villager (Male) |
| 8:07 | Create | Villager (Male) |
| 8:17 | Build | Mill |
| 8:56 | Create | Villager (Male) |
| 9:12 | Research | Feudal Age |
| 9:13 | Research | Feudal Age |
| 10:13 | Build | Mining Camp |
| 10:33 | Build | House |
| 10:40 | Create | Villager (Male) |
| 10:40 | Create | Villager (Male) |
| 11:31 | Age | Feudal Age |
| 11:33 | Build | Market |
| 11:52 | Create | Villager (Male) |
| 11:59 | Build | Blacksmith |
| 12:42 | Research | Castle Age |
| 13:07 | Research | Horse Collar |
| 13:07 | Research | Horse Collar |
| 13:32 | Build | Farm |
| 13:34 | Build | Farm |
| 13:47 | Build | Farm |
| 14:10 | Research | Double-Bit Axe |
| 15:13 | Create | Villager (Male) |
| 15:26 | Age | Castle Age |
| 15:32 | Build | Town Center |
| 15:36 | Create | Villager (Male) |
| 15:46 | Create | Villager (Male) |
| 15:54 | Build | Mining Camp |
| 15:59 | Research | Bow Saw |
| 15:59 | Research | Bow Saw |
| 16:01 | Build | Farm |
| 16:03 | Create | Villager (Male) |
| 16:15 | Build | Farm |
| 16:25 | Research | Wheelbarrow |
| 16:42 | Build | Farm |
| 17:00 | Create | Villager (Male) |
| 17:00 | Create | Villager (Male) |
| 17:02 | Build | Farm |
| 17:11 | Create | Villager (Male) |
| 17:11 | Create | Villager (Male) |
| 17:19 | Create | Villager (Male) |
| 17:26 | Build | Farm |
| 17:28 | Build | Farm |
| 17:47 | Build | Farm |
| 17:48 | Create | Villager (Male) |
| 17:52 | Build | House |
| 17:55 | Create | Villager (Male) |
| 17:55 | Create | Villager (Male) |
| 17:59 | Build | House |
| 17:59 | Build | House |
| 18:09 | Create | Villager (Male) |
| 18:12 | Build | Farm |
| 18:23 | Create | Villager (Male) |
| 18:23 | Create | Villager (Male) |
| 18:35 | Create | Villager (Male) |
| 18:35 | Create | Villager (Male) |
| 18:37 | Create | Villager (Male) |
| 18:42 | Build | Stone Wall |
| 19:05 | Build | Town Center |
| 19:12 | Create | Villager (Male) |
| 19:13 | Create | Villager (Male) |
| 19:19 | Create | Villager (Male) ×2 |
| 19:20 | Create | Villager (Male) ×2 |
| 19:31 | Build | Farm |
| 19:33 | Build | Farm |
| 19:51 | Build | Castle |
| 19:52 | Create | Villager (Male) |
| 19:56 | Research | Town Watch |
| 19:56 | Research | Town Watch |
| 20:02 | Build | Farm |
| 20:22 | Build | Outpost |
| 20:25 | Build | Outpost |
| 20:32 | Create | Villager (Male) ×5 |
| 20:32 | Create | Villager (Male) ×5 |
| 20:49 | Build | Monastery |
| 20:56 | Create | Villager (Male) ×2 |
| 20:56 | Create | Villager (Male) ×2 |
| 20:57 | Create | Villager (Male) ×2 |
| 20:58 | Build | Mining Camp |
| 21:07 | Build | Farm |
| 21:09 | Create | Villager (Male) |
| 21:09 | Create | Villager (Male) |
| 21:14 | Build | Farm |
| 21:15 | Build | Farm |
| 21:48 | Build | Farm |
| 21:53 | Build | Farm |
| 21:56 | Build | Farm |
| 21:58 | Create | Villager (Male) |
| 21:58 | Create | Villager (Male) |
| 21:59 | Create | Mangudai |
| 21:59 | Create | Mangudai |
| 21:59 | Create | Mangudai |
| 22:05 | Build | University |
| 22:14 | Build | University |
| 22:15 | Create | Villager (Male) ×5 |
| 22:15 | Create | Villager (Male) ×5 |
| 22:19 | Build | Farm |
| 22:25 | Build | Farm |
| 22:26 | Build | Farm |
| 22:27 | Build | Farm |
| 22:45 | Create | Villager (Male) ×5 |
| 22:45 | Create | Villager (Male) ×5 |
| 22:54 | Build | Farm |
| 22:55 | Build | Farm |
| 22:55 | Create | Villager (Male) |
| 22:55 | Create | Villager (Male) |
| 23:02 | Create | Villager (Male) |
| 23:03 | Create | Villager (Male) |
| 23:04 | Create | Mangudai |
| 23:32 | Create | Villager (Male) |
| 23:32 | Create | Villager (Male) |
| 23:32 | Create | Villager (Male) |
| 23:32 | Create | Villager (Male) |
| 23:34 | Build | Farm |
| 23:36 | Build | Farm |
| 23:37 | Create | Villager (Male) |
| 23:37 | Create | Villager (Male) |
| 23:38 | Create | Villager (Male) |
| 23:39 | Create | Mangudai |
Match timeline
| 9:38 | Rito · wall_segment Palisade Wall x2 |
| 9:40 | Rito · wall_segment Palisade Wall x3 |
| 9:52 | Rito · wall_segment Palisade Wall x7 |
| 11:31 | Don Magon · age_up feudal |
| 12:13 | Rito · wall_segment Palisade Wall x1 |
| 12:40 | Don Magon · first_market_sell 100 stone |
| 13:37 | Rito · age_up feudal |
| 15:26 | Don Magon · age_up castle |
| 17:32 | Rito · age_up castle |
| 17:42 | Rito · first_building Castle |
| 18:42 | Don Magon · wall_segment Stone Wall x7 |
| 19:51 | Don Magon · first_building Castle |
| 20:49 | Don Magon · first_building Monastery |
| 22:18 | Rito · first_building Siege Workshop |
| 22:53 | Rito · first_building Barracks |
| 26:52 | Don Magon · first_building Barracks |
| 28:52 | Don Magon · first_building Archery Range |
| 28:58 | Don Magon · first_building Stable |
| 29:08 | Rito · first_building Stable |
| 30:15 | Rito · resign |
[ AI ANALYSIS · 1 CREDIT ]
What really happened in this match?
Wolo.gg analyzes every decision: build order, eco, micro, common mistakes by bracket. Personalized analysis on WhatsApp or Discord in 30 seconds.
Civ guide
Burmese
Perfil
Jugador #5648280